 Dungeon Crawl Stone Soup version 0.24.0-13-gcf9b319 (webtiles) character file.

Game seed: 9201702818686363842, levelgen mode: deterministic

23 Ajohnson the Sneak (level 2, 0/13 HPs)
             Began as a Spriggan Enchanter on Nov 12, 2019.
             Slain by a kobold
             ... wielding a +0 dagger
              (6 damage)
             ... on level 1 of the Dungeon.
             The game lasted 00:02:46 (825 turns).

Ajohnson the Sneak (Spriggan Enchanter)              Turns: 825, Time: 00:02:46

Health: 0/13       AC:  2    Str:  4    XL:     2   Next: 75%
Magic:  0/7        EV: 18    Int: 16    God:
Gold:   37         SH:  0    Dex: 16    Spells: 4/7 levels left

rFire    . . .     SeeInvis +   a - +1 dagger
rCold    . . .     Gourm    .   (shield restricted)
rNeg     . . .     Faith    .   b - +0 robe
rPois    .         Spirit   .   (helmet restricted)
rElec    .         Reflect  .   (no cloak)
rCorr    .         Harm     .   (gloves unavailable)
MR       .....                  (boots unavailable)
Stlth    +++.......             (no amulet)
HPRegen  0.04/turn              (no ring)
MPRegen  0.10/turn              (no ring)

@: very quick
A: very small, unfitting armour, see invisible, herbivore, speed 3, slow
metabolism 2
a: no special abilities


You were on level 1 of the Dungeon.
You were not hungry.

You visited 1 branch of the dungeon, and saw 1 of its levels.

You collected 37 gold pieces.

Inventory:

Hand Weapons
 a - a +1 dagger (weapon)
Armour
 b - a +0 robe (worn)
Scrolls
 e - a scroll of teleportation {unknown}
Potions
 c - a potion of degeneration {unknown}
 f - a potion of invisibility {unknown}
Comestibles
 d - 2 rations


   Skills:
 + Level 1.6 Short Blades
 - Level 3.0 Dodging
 + Level 4.8 Stealth
 + Level 3.1 Spellcasting
 * Level 4.2 Hexes


You had 4 spell levels left.
You knew the following spells:

 Your Spells              Type           Power        Failure   Level  Hunger
a - Corona                Hex            ###....      3%          1    #......
b - Ensorcelled Hibernat  Hex/Ice        #.....       12%         2    ##.....

Your spell library contained the following spells:

 Spells                   Type           Power        Failure   Level  Hunger
 Confuse                  Hex            ###.....     10%         3    ###....
 Tukima's Dance           Hex            ###.....     10%         3    ###....
 Dazzling Spray           Conj/Hex       #.....       24%         3    ###....


Dungeon Overview and Level Annotations

Branches:
Dungeon (1/15)

Altars:


Innate Abilities, Weirdness & Mutations

You are very small and have problems with some larger weapons.
You are too small for most types of armour.
You have supernaturally acute eyesight. (SInv)
You are a herbivore.
You cover ground extremely quickly.
You need to consume almost no food.


Message History

The hobgoblin looks drowsy...
The helpless hobgoblin fails to defend itself.
You impale the hobgoblin!!
You kill the hobgoblin!
Casting: Ensorcelled Hibernation (safe; 12% risk of failure)
Confirm with . or Enter, or press ? or * to list all spells.
Aiming: Ensorcelled Hibernation (safe; 12% risk of failure)
Press: ? - help, Shift-Dir - straight line, f - kobold
Aim: a kobold, wielding a +0 dagger (chance to defeat MR: 58%)
The kobold resists with significant effort.
Casting: Ensorcelled Hibernation (safe; 12% risk of failure)
Confirm with . or Enter, or press ? or * to list all spells.
Aiming: Ensorcelled Hibernation (safe; 12% risk of failure)
Press: ? - help, Shift-Dir - straight line, f/p - kobold
Aim: a kobold, wielding a +0 dagger (chance to defeat MR: 58%)
The kobold resists with significant effort.
The kobold hits you but does no damage.
You barely miss the kobold. The kobold misses you.
You closely miss the kobold. The kobold hits you with a +0 dagger.
You die...

#..#.......##........###
##..######.##..........#.
#...# #..#............ #.#.#
##.#...........# #.#.#
#.#............ #.#.#
#.#..........## #.#.####
#.##........###
######.#....####..##......##
#............@K........####
#..........######..###..####
#..........# #..# ##....###
#...†......###############....
#.............................
#..........###################
#..........# #..........#
#......(...#


You could see a kobold.

Vanquished Creatures
  2 leopard geckos (D:1)
  A giant cockroach (D:1)
  4 goblins (D:1)
  6 hobgoblins (D:1)
  2 kobolds (D:1)
  3 bats (D:1)
  2 rats (D:1)
20 creatures vanquished.

Notes
Turn   | Place    | Note
-------+----------+-------------------------------------------
     0 | D:1      | Ajohnson the Spriggan Enchanter began the quest for the
                  | Orb.
     0 | D:1      | Reached XP level 1. HP: 9/9 MP: 5/5
   126 | D:1      | Reached XP level 2. HP: 6/13 MP: 4/6
   337 | D:1      | Learned a level 2 spell: Ensorcelled Hibernation
   825 | D:1      | Slain by a kobold

Levels and vault maps discovered:
D:1:      saegor_arrival_miasma, layout_rooms

Skill      XL: |  1  2 |
---------------+-------+-----
Hexes          | 4 |  4.2
Spellcasting   | 3 |  3.1
Short Blades   | |  1.6
Dodging        | |  3.0
Stealth        | |  4.8

Action                   || total
-------------------------++-------
Melee: Dagger            ||    97
 Cast: Corona            ||     4
       Ensorcelled Hiber ||    11
 Stab: Sleeping          ||     7
Armor: Robe              ||    13
Dodge: Dodged            ||    85
